Arrhythmia, chaotic female vampiric Convict ----- ---------------- -------#####....| |..............| ------------- |.....|# |<...# |..............| #............| |.....|# #|...|######...............| #|...........| |.....|# ###-----# |..............| #|...%.......| |.....|########### --------.------- #|...........| |......### # ## #|...........| ---.---# # # #------|------ ############### # ### ## #### # ### # # # # ### # # ### # ### # ##### # % # # # ### -|-----.------ ##### ## ---------# ------|- # |.*..........| # --.---.-- |%/(?[r.|# .......-#0 ##.............| # |.......| |[%([r@a|# |...%..| # |............| # |......>| |)/(@o.:-# |.......####### -------------- ##+.......| --------- -------- --------- Arrhythmia the Jail-bird Experience level: 6 Strength: 12 Dexterity: 13 Constitution: 20 Intelligence: 13 Wisdom: 9 Charisma: 7 Health: 0(66) Energy: 29(29) AC: 3 Gold: 0 Moves: 2256 Your Inventory: Armor b - a cursed +0 striped shirt (being worn) k - an [uncursed] +0 pair of hard shoes [iron] o - an [uncursed] +0 hard hat [dwarvish iron helm] (being worn) q - an [uncursed] +0 large round shield [dwarvish roundshield] (being worn) r - an [uncursed] +0 pair of hard shoes [iron] (being worn) x - an [uncursed] +0 cloak of displacement (being worn) Scrolls w - an [uncursed] scroll labeled AQUE BRAGH [of stinking cloud] Spellbooks j - an [uncursed] spellbook of create monster Potions n - an [uncursed] orange potion [of full healing] y - an [uncursed] slimy potion [of extra healing] Wands f - an [uncursed] wand of fire [0:6] Tools s - an [uncursed] lock pick Gems g - an [uncursed] orange gem [worthless glass] h - 2 [uncursed] red gems [worthless glass] m - an [uncursed] blue gem [aquamarine] Iron balls c - an [uncursed] heavy iron ball (chained to you) (alternate weapon; not wielded) Spells known in the end: Name Level Category Fail Memory a - create monster 2 clerical 100% [||||||||] Your skills at the end: Fighting Skills Weapon Skills sling [Basic / Skilled] Spellcasting Skills Final Attributes: You were devoutly aligned. Hunger level was -213. Your alignment was 17 / 21. Monster difficulty range was 0 - 4. Level difficulty was 3. You were immune to level-drain. You were immune to sickness. You were punished. You were displaced. You could fly. You could survive without air. You regenerated. Your luck was zero. You are dead. Vanquished creatures: a pony 2 gnome lords 2 dwarves a hobbit a large kobold 2 giant rats 10 gnomes 2 garter snakes 2 geckos 3 jackals a fox a kobold 3 goblins 2 sewer rats 2 grid bugs 3 lichens 5 newts 43 creatures vanquished. Voluntary challenges: You went without food. You never hit with a wielded weapon. You read items or engraved 5 times. You put on armor 9 times. You never genocided any monsters. You never polymorphed an object. You never changed form. You used no wishes. You abstained from Elbereth's help. You never encountered a bones level. You never used any Sokoban shortcuts. Dungeon overview: The Dungeons of Doom: levels 1 to 3 Level 1 a long staircase Level 2 a general store, a fountain, a sink stairs to The Gnomish Mines Level 3 <- You were here a general store The Gnomish Mines: Level 3 stairs to The Dungeons of Doom History has recorded: On T:1 you entered the Dungeons of Doom to retrieve the Amulet of Yendor! On T:372 you advanced to experience level 2. On T:649 you reached level 2 of The Dungeons of Doom. On T:753 you advanced to experience level 3. On T:967 you reached level 1 of The Gnomish Mines. On T:989 you advanced to experience level 4. On T:1059 you advanced to experience level 5. On T:1484 you reached level 3 of The Dungeons of Doom. On T:1533 you advanced to experience level 6. Latest messages: [HP-10=44] The hobgoblin swings her curved sword. The hobgoblin hits! [HP-12=32] [HP+1=33] The hobgoblin swings her curved sword. The hobgoblin hits! [HP-12=21] The hobgoblin swings her curved sword. The hobgoblin hits! [HP-6=15] The hobgoblin swings her curved sword. The hobgoblin hits! The rock mole bites! [HP-7=8] [HP+1=9] The hobgoblin swings her curved sword. The hobgoblin hits! [HP-6=3] The hobgoblin swings her curved sword. The hobgoblin hits! You die... Kabalebo comes and takes all your possessions. Final status: Goodbye Arrhythmia the Convict... You died in The Dungeons of Doom on dungeon level 3 with 974 points, and 0 pieces of gold, after 2256 moves. You were level 6 with a maximum of 66 hit points when you died.